 Dungeon Crawl Stone Soup version 0.31-a0-152-g6aa68a64a1 (webtiles) character file.

Game seed: 8669121182454208624

718 qw the Skirmisher (level 7, -6/61 HPs)
             Began as a Minotaur Hunter on June 9, 2023.
             Mangled by an iguana (9 damage)
             ... on level 5 of the Dungeon.
             The game lasted 00:01:14 (3416 turns).

qw the Skirmisher (Minotaur Hunter)                 Turns: 3416, Time: 00:01:14

Health: -6/61      AC:  5    Str: 15    XL:     7   Next: 42%
Magic:  6/6        EV: 12    Int:  6    God:
Gold:   241        SH:  0    Dex: 16    Spells: 6/6 levels left

rFire   + . .        Y - +2 shortbow
rCold   . . .        (shield currently unavailable)
rNeg    . . .        d - +0 ring mail
rPois   .            (helmet restricted)
rElec   .            k - scarf {repulsion}
rCorr   .            (no gloves)
SInv    .            (no boots)
Will    .....        a - amulet of faith
Stlth   +            b - ring of protection from fire
HPRegen 0.30/turn    (no ring)
MPRegen 0.10/turn

%: repel missiles, faith
@: no status effects
A: horns 2, retaliatory headbutt
a: no special abilities


You were on level 5 of the Dungeon.
You visited 1 branch of the dungeon, and saw 5 of its levels.

You collected 241 gold pieces.


Innate Abilities, Weirdness & Mutations

You have a pair of horns on your head.
You reflexively headbutt those who attack you in melee.


   Skills:
 - Level 5.1 Fighting
 + Level 8.6 Ranged Weapons
 - Level 1.0 Armour
 - Level 3.5 Dodging
 - Level 0.7 Stealth


You had 6 spell levels left.
You didn't know any spells.
Your spell library was empty.

Inventory:

Hand Weapons
 Y - a +2 shortbow (weapon)
Armour
 d - a +0 ring mail (worn)
 h - a +0 cloak
 k - a scarf of repulsion (worn)
Jewellery
 a - an amulet of faith (around neck)
 b - a ring of protection from fire (left hand)
 g - a ring of see invisible
Scrolls
 i - a scroll of identify
Potions
 c - a potion of enlightenment {unknown}
 j - a potion of lignification {unknown}

Dungeon Overview and Level Annotations

Branches:
Dungeon (5/15)
 Temple: D:4-7

Altars:
Nemelex Xobeh
Ru
Zin
The Shining One

Shops:
D:1 *


Message History

The arrow barely misses the orc warrior.
The arrow hits the orc!
You kill the orc!
The orc warrior barely misses you.
You shoot an arrow.
The arrow closely misses the orc warrior.
The arrow hits the orc.
The orc is heavily wounded.
You shoot an arrow.
The arrow barely misses the orc warrior.
The iguana hisses menacingly.
The orc warrior hits you with a +0 dire flail!
You shoot an arrow.
The arrow barely misses the orc warrior.
The iguana barely misses you.
The orc warrior hits you with a +0 dire flail!
You shoot an arrow. The arrow hits the orc warrior!
The orc warrior is heavily wounded.
The iguana bites you.
The orc warrior hits you with a +0 dire flail.
You shoot an arrow.
The arrow hits the orc warrior but does no damage.
The orc warrior is heavily wounded.
The iguana bites you. The orc warrior barely misses you.
You shoot an arrow.
The arrow hits the orc warrior but does no damage.
The orc warrior is heavily wounded.
The iguana misses you.
The orc warrior hits you with a +0 dire flail.
You shoot an arrow.
The arrow hits the orc warrior but does no damage.
The orc warrior is heavily wounded.
The iguana closely misses you.
The orc warrior hits you with a +0 dire flail!
You shoot an arrow.
The arrow barely misses the orc warrior.
The iguana bites you. The orc warrior barely misses you.
The orc warrior hits you with a +0 dire flail!
The iguana bites you!
You die...

#. #. . #. #
$.####.## .#
........##.####
........#).....
.......olo.....
#@# #.# #.# #.#
#.# ###.# #>..#
#.### #.#


You could see an orc warrior, an iguana and an orc.

Vanquished Creatures
  2 black bears
  2 ogres (D:4)
  A hound (D:4)
  A jelly (D:3)
  Natasha (thrice) (D:3)
  An iguana (D:4)
  An orc wizard (D:3)
  6 adders
  4 gnolls (D:4)
  A white imp (D:5)
  An ufetubus (D:4)
  A worm (D:2)
  2 dart slugs
  11 orcs
  7 endoplasms
  6 giant cockroaches
  2 goblins (D:4)
  8 hobgoblins
  3 quokkas
  7 ball pythons
  5 bats
  2 frilled lizards
  5 kobolds
  5 rats
87 creatures vanquished.

Notes
Turn   | Place    | Note
-------+----------+-------------------------------------------
     0 | D:1      | qw the Minotaur Hunter began the quest for the Orb.
     0 | D:1      | Reached XP level 1. HP: 18/18 MP: 0/0
     0 | D:1      | 0 ||| qw: Version: 0.2-a-121-gba3a3e5
     0 | D:1      | 0 ||| qw: Game counter: 3213
     0 | D:1      | 0 ||| qw: Always use a shield: true
     0 | D:1      | 0 ||| qw: God list: Okawaru
     0 | D:1      | 0 ||| qw: Allow faded altars: false
     0 | D:1      | 0 ||| qw: Do Orc after D:15 true
     0 | D:1      | 0 ||| qw: Do second Lair branch before Depths: true
     0 | D:1      | 0 ||| qw: Lair rune preference: random
     0 | D:1      | 0 ||| qw: Plans: Normal
     0 | D:1      | 0 ||| PLANNING D:1-11
    99 | D:1      | Found Ucsiran's General Store.
   106 | D:1      | 106 ||| SHOPLISTING potion of curing (33 gold, have 9).
   209 | D:1      | Reached XP level 2. HP: 25/25 MP: 1/1
   227 | D:1      | Reached skill level 5 in Ranged Weapons
   425 | D:1      | Reached skill level 3 in Fighting
   784 | D:1      | 784 ||| UPGRADING to +0 cloak.
   789 | D:1      | 789 ||| READING scroll labelled FULUJOMECH.
   790 | D:1      | 790 ||| READING 2 scrolls labelled AFU BELYCH.
   791 | D:1      | 791 ||| READING scroll of enchant weapon.
   791 | D:1      | 791 ||| ENCHANTING +1 shortbow.
   792 | D:1      | 792 ||| READING scroll labelled OWAHARESOAG.
   793 | D:1      | 793 ||| READING scroll labelled EGRAUF PI UDD.
   794 | D:1      | 794 ||| READING scroll labelled LITHRO AGEM.
   795 | D:1      | 795 ||| DROPPING scroll of butterflies.
   921 | D:2      | Reached XP level 3. HP: 31/31 MP: 2/2
  1173 | D:2      | Found a sparkling altar of Nemelex Xobeh.
  1199 | D:2      | 1199 ||| UPGRADING to amulet of faith.
  1204 | D:2      | 1204 ||| READING scroll labelled OJAFED UHU.
  1205 | D:2      | 1205 ||| READING scroll labelled FYXOMEY BAGABI.
  1206 | D:2      | 1206 ||| READING 2 scrolls labelled QUMUOM RULID.
  1207 | D:2      | 1207 ||| READING scroll labelled QIMECS ETOI.
  1207 | D:2      | Identified a scroll of acquirement
  1207 | D:2      | 1207 ||| ACQUIRING ring of protection from fire
  1207 | D:2      | Acquired a ring of protection from fire
  1209 | D:2      | 1209 ||| UPGRADING to ring of protection from fire.
  1210 | D:2      | 1210 ||| DROPPING scroll of immolation.
  1227 | D:3      | Found a glowing golden altar of the Shining One.
  1241 | D:3      | Noticed Natasha
  1249 | D:3      | Killed Natasha
  1250 | D:3      | Reached XP level 4. HP: 26/38 MP: 3/3
  1272 | D:3      | Noticed Natasha
  1276 | D:3      | Killed Natasha
  1277 | D:3      | Reached skill level 6 in Ranged Weapons
  1332 | D:3      | Reached skill level 1 in Armour
  1480 | D:3      | Reached XP level 5. HP: 46/46 MP: 4/4
  1804 | D:3      | Found a sacrificial altar of Ru.
  1839 | D:3      | Noticed Natasha
  1842 | D:3      | 1842 ||| Stepping ~*~*~tactically~*~*~ (outnumbered).
  1844 | D:3      | 1844 ||| Stepping ~*~*~tactically~*~*~ (outnumbered).
  1857 | D:3      | Killed Natasha
  2142 | D:3      | 2142 ||| UPGRADING to +0 ring mail.
  2152 | D:3      | 2152 ||| DROPPING +0 leather armour.
  2153 | D:3      | 2153 ||| UPGRADING to scarf of repulsion.
  2163 | D:3      | 2163 ||| READING scroll labelled VAIWAUFIURCH.
  2166 | D:3      | 2166 ||| READING 2 scrolls of identify.
  2166 | D:3      | 2166 ||| IDENTIFYING dark potion
  2209 | D:4      | Noticed an ogre
  2219 | D:4      | Killed an ogre
  2220 | D:4      | Reached skill level 7 in Ranged Weapons
  2220 | D:4      | Reached XP level 6. HP: 46/52 MP: 5/5
  2520 | D:4      | 2520 ||| Stepping ~*~*~tactically~*~*~ (outnumbered).
  2522 | D:4      | 2522 ||| Stepping ~*~*~tactically~*~*~ (outnumbered).
  2524 | D:4      | 2524 ||| Stepping ~*~*~tactically~*~*~ (outnumbered).
  2526 | D:4      | 2526 ||| Stepping ~*~*~tactically~*~*~ (outnumbered).
  2534 | D:4      | Reached skill level 8 in Ranged Weapons
  2541 | D:4      | HP: 13/53 [gnoll/+0 spear (3)]
  2542 | D:4      | 2542 ||| DRINKING 2 potions of heal wounds.
  2649 | D:4      | Found a glowing silver altar of Zin.
  2773 | D:4      | 2773 ||| READING scroll labelled JUCKEP BAJOCVI.
  2774 | D:4      | 2774 ||| DRINKING 2 viscous golden potions.
  2775 | D:4      | 2775 ||| DRINKING potion of curing.
  2775 | D:4      | 2775 ||| (to cure confusion)
  2776 | D:4      | 2776 ||| DROPPING potion of ambrosia.
  2781 | D:4      | 2781 ||| STAIRDANCE
  2892 | D:4      | 2892 ||| STAIRDANCE
  2931 | D:4      | Reached skill level 3 in Dodging
  2931 | D:4      | Reached XP level 7. HP: 61/61 MP: 6/6
  3084 | D:4      | Found a sparkling altar of Nemelex Xobeh.
  3126 | D:5      | Entered Level 5 of the Dungeon
  3257 | D:5      | HP: 14/61 [orc/+0 mace (3)]
  3258 | D:5      | 3258 ||| READING scroll of teleportation.
  3259 | D:5      | 3259 ||| DRINKING potion of heal wounds.
  3416 | D:5      | HP: 3/61 [orc warrior/+0 dire flail (14)]
  3416 | D:5      | Mangled by an iguana

Levels and vault maps discovered:
D:1:      dpeg_arrival_tiny_h, layout_basic, serial_shops,
          nicolae_shop_hallway_plus
D:2:      layout_basic, basic_altar
D:3:      layout_loops_corners, nicolae_overflow_hidden_temple, uniq_natasha
D:4:      minmay_evil_eye, layout_basic, kennysheep_mini_moat, zin_statuary,
          nicolae_hexahallways
D:5:      layout_loops_ring

Skill      XL: |  1  2  3  4  5  6 |
---------------+-------------------+-----
Ranged Weapons | 5 6 7 8 |  8.6
Fighting       | 3 4 5 |  5.1
Armour         | 1 |  1.0
Dodging        | 3 |  3.5
Stealth        | |  0.7

Action                     |  1- 3 |  4- 6 |  7- 9 || total
---------------------------+-------+-------+-------++-------
   Fire: Shortbow          |    85 |   131 |    49 ||   265
    Use: Scroll            |    10 |     3 |     1 ||    14
         Potion            |       |     3 |     1 ||     4
 Armour: Leather armour    |     9 |       |       ||     9
         Ring mail         |       |     6 |     2 ||     8
  Dodge: Dodged            |    18 |    41 |    32 ||    91
         Repelled          |       |       |     1 ||     1

Table legend:
 A = Non-vault XP
 B = Vault XP
 C = Vault XP percentage of total XP
 D = Non-vault monster count
 E = Vault monster count
 F = Vault count percentage of total count
                 A         B        C        D         E       F
            +---------+---------+-------+---------+---------+-------
      Total |     987 |      39 |   3.8 |      85 |       2 |   2.3
            +---------+---------+-------+---------+---------+-------
        D:1 |      33 |       0 |   0.0 |      20 |       0 |   0.0
        D:2 |      28 |       0 |   0.0 |       9 |       0 |   0.0
        D:3 |     211 |      37 |  14.9 |      20 |       1 |   4.8
        D:4 |     556 |       2 |   0.4 |      29 |       1 |   3.3
        D:5 |     159 |       0 |   0.0 |       7 |       0 |   0.0
            +---------+---------+-------+---------+---------+-------
